[Event "Titled Tuesday Blitz January 17 Late 2023"]
[White "Pakleza, Zbigniew"]
[Black "Rosen, Eric"]
[WhiteFideId "1119290"]
[BlackFideId "2032562"]
[WhiteElo "2494"]
[BlackElo "2349"]
[Result "1-0"]
[Round "09"]
[TimeControl "180+2"]
[Date "2023.01.17"]
[WhiteClock "0:00:04"]
[BlackClock "0:00:02"]

1. d4 d5 2. Bf4 c5 3. e3 Nc6 4. c3 cxd4 5. cxd4 f6 6. Nc3 e5 7. Bg3 Be6 8. Nf3 Bd6 9. Bb5 Ne7 10. dxe5 fxe5 11. Bxe5 O-O 12. Bxd6 Qxd6 13. O-O Bg4 14. Be2 Rad8 15. Nd4 Bxe2 16. Ncxe2 Rf6 17. Rc1 Ne5 18. Ng3 Rdf8 19. Rc2 Rh6 20. b3 Qf6 21. Rc7 b6 22. h3 a5 23. Qe2 Qd6 24. Rfc1 Rhf6 25. f4 N5g6 26. Nh5 R6f7 27. Qg4 a4 28. bxa4 Qa3 29. R1c3 Qb2 30. Kh2 Qf2 31. f5 Nxf5 32. Nxf5 Qxf5 33. Qxf5 Rxf5 34. Rxg7+ Kh8 35. Rxg6 hxg6 36. Nf4 Kg7 37. Ne6+ Kf7 38. Nxf8 Kxf8 39. Rc6 Re5 40. Rxg6 Rxe3 41. Rxb6 Ra3 42. Rd6 Rxa4 43. Rxd5 Rxa2 44. Rd7 Kg8 45. Rb7 Ra5 46. h4 Ra4 47. g3 Ra2+ 48. Kh3 Ra1 49. h5 Ra4 50. g4 Ra1 51. Kh4 Ra5 52. h6 Ra6 53. g5 Kh8 54. Kh5 Ra8 55. Rb6 Rc8 56. g6 Rc5+ 57. Kg4 Rc4+ 58. Kf3 Rc8 59. Rf6 Kg8 60. Kg4 Rc4+ 61. Kg5 Rc5+ 62. Rf5 Rc8 63. h7+ Kh8 64. Kh6 Rc6 65. Rf8# 1-0


[Site "https://www.chess.com"]

[Event "Titled Tuesday Blitz January 17 Late 2023"]
[White "Riehle, Marco"]
[Black "Megalios, Konstantinos"]
[WhiteFideId "12904392"]
[BlackFideId "4238044"]
[WhiteElo "2368"]
[BlackElo "2372"]
[Result "1-0"]
[Round "09"]
[TimeControl "180+2"]
[Date "2023.01.17"]
[WhiteClock "0:01:02"]
[BlackClock "0:00:11"]

1. e4 c6 2. c4 d5 3. cxd5 cxd5 4. exd5 Nf6 5. Nc3 Nxd5 6. Nf3 e6 7. d4 Bb4 8. Bd2 Nc6 9. Bd3 O-O 10. O-O Be7 11. Rc1 Nf6 12. Bg5 b6 13. Bb1 Bb7 14. a3 Re8 15. Re1 Nd5 16. Qd3 g6 17. Bd2 Bf8 18. Bg5 Qd7 19. Ne4 Bg7 20. h3 Nce7 21. Ne5 Qa4 22. Bc2 Qa6 23. Qf3 Nf5 24. Red1 f6 25. Bd3 b5 26. Nc5 Qb6 27. Ned7 Qd6 28. Bxf6 Nxd4 29. Bxd4 Bxd4 30. Bxb5 Rf8 31. Nxf8 Rxf8 32. Nxb7 Qb6 33. Qe4 Rxf2 34. Qxd4 1-0


[Site "https://www.chess.com"]

[Event "Titled Tuesday Blitz January 17 Late 2023"]
[White "Arenas, David"]
[Black "Nasuta, Grzegorz"]
[WhiteFideId "4403177"]
[BlackFideId "1141686"]
[WhiteElo "2426"]
[BlackElo "2552"]
[Result "0-1"]
[Round "09"]
[TimeControl "180+2"]
[Date "2023.01.17"]
[WhiteClock "0:00:12"]
[BlackClock "0:00:07"]

1. e4 c5 2. Nf3 d6 3. Nc3 a6 4. g3 b5 5. d4 cxd4 6. Nxd4 Bb7 7. Bg2 e5 8. Nf5 Nf6 9. a3 g6 10. Ne3 Nbd7 11. O-O Nb6 12. Ng4 Nxg4 13. Qxg4 h5 14. Qe2 Bg7 15. Rd1 Qc7 16. h4 O-O 17. Na2 Rad8 18. Be3 Nc4 19. c3 a5 20. Nc1 Kh7 21. Nb3 Bc6 22. Rab1 Qb7 23. Nd2 Nxe3 24. Qxe3 Bh6 25. Qd3 f5 26. Nb3 fxe4 27. Qe2 Qb6 28. Rf1 d5 29. Rbd1 Rd7 30. Bh3 Re7 31. Bg2 Ref7 32. Nd2 Rf6 33. c4 bxc4 0-1


[Site "https://www.chess.com"]

[Event "Titled Tuesday Blitz January 17 Late 2023"]
[White "Cori T., Deysi"]
[Black "Yuan, Qingyu"]
[WhiteFideId "3801934"]
[BlackFideId "8609772"]
[WhiteElo "2362"]
[BlackElo "2373"]
[Result "0-1"]
[Round "09"]
[TimeControl "180+2"]
[Date "2023.01.17"]
[WhiteClock "0:00:15"]
[BlackClock "0:00:13"]

1. Nf3 d5 2. d4 Nf6 3. c4 e6 4. e3 Be7 5. Nc3 O-O 6. Qc2 c5 7. dxc5 Na6 8. cxd5 Nxd5 9. Bd2 Ndb4 10. Qb1 Nxc5 11. a3 Nbd3+ 12. Bxd3 Nxd3+ 13. Ke2 Nc5 14. b4 Nd7 15. Rd1 b6 16. e4 Bb7 17. Kf1 Qc7 18. Qb3 Rac8 19. Rac1 Qb8 20. Be3 Nf6 21. Qb1 Rc4 22. Nd2 Rc6 23. g3 Rfc8 24. Qd3 Ng4 25. Bf4 e5 26. Be3 Nxh2+ 27. Kg2 Ng4 28. Nd5 Rxc1 29. Nxe7+ Kh8 30. Nxc8 Rxc8 31. f3 Nxe3+ 32. Qxe3 Qd6 33. Qb3 f6 34. Nc4 Qc7 35. Ne3 h6 36. Nf5 Qc2+ 37. Qxc2 Rxc2+ 38. Kh3 Bc8 39. Rd8+ Kh7 40. g4 Bxf5 41. gxf5 Rc3 42. Kg4 Rxa3 43. Rd7 a5 44. b5 Rb3 45. Rd5 Rb1 46. Kg3 a4 47. f4 exf4+ 48. Kxf4 a3 49. e5 fxe5+ 50. Kxe5 a2 51. f6 Re1+ 52. Kd6 a1=Q 53. f7 Qf6+ 54. Kc7 Qxf7+ 55. Kc6 Rc1+ 56. Kd6 Qc7+ 57. Ke6 Re1+ 58. Kf5 Qf7+ 0-1


[Site "https://www.chess.com"]

[Event "Titled Tuesday Blitz January 17 Late 2023"]
[White "Hansen, Eric"]
[Black "Sebag, Marie"]
[WhiteFideId "2606771"]
[BlackFideId "617822"]
[WhiteElo "2609"]
[BlackElo "2430"]
[Result "1-0"]
[Round "09"]
[TimeControl "180+2"]
[Date "2023.01.17"]
[WhiteClock "0:00:01"]
[BlackClock "0:00:03"]

1. e4 c5 2. Nf3 Nc6 3. Bb5 g6 4. O-O Bg7 5. Re1 Nf6 6. h3 O-O 7. d3 d6 8. c3 a6 9. Bxc6 bxc6 10. d4 cxd4 11. cxd4 Nd7 12. Nc3 Rb8 13. b3 c5 14. Be3 Bb7 15. Rc1 cxd4 16. Bxd4 Nf6 17. e5 dxe5 18. Nxe5 Rc8 19. Nc4 Re8 20. Bb6 Qxd1 21. Rcxd1 Bc6 22. Ba5 Bb5 23. Nb6 Rcd8 24. a4 Bc6 25. Rxd8 Rxd8 26. Rxe7 Rd2 27. Rc7 Be8 28. Rc8 h5 29. Ne4 Re2 30. Nd6 Kh7 31. Rc7 Rb2 32. Bc3 Rxb3 33. a5 Rb1+ 34. Kh2 Rc1 35. g3 Bb5 36. Nxf7 Ng4+ 37. hxg4 Rxc3 38. Ng5+ Kg8 39. Rb7 Rc8 40. Nxc8 1-0


[Site "https://www.chess.com"]

[Event "Titled Tuesday Blitz January 17 Late 2023"]
[White "Yurovskykh, Oleksandr"]
[Black "Ivanisevic, Ivan"]
[WhiteFideId "14134020"]
[BlackFideId "912417"]
[WhiteElo "2328"]
[BlackElo "2532"]
[Result "1/2-1/2"]
[Round "09"]
[TimeControl "180+2"]
[Date "2023.01.17"]
[WhiteClock "0:00:02"]
[BlackClock "0:00:04"]

1. d4 d5 2. Bf4 c5 3. e3 Nc6 4. c3 Qb6 5. Qb3 c4 6. Qc2 e5 7. dxe5 Bf5 8. Qc1 g5 9. Bg3 h5 10. h4 g4 11. Ne2 Bg7 12. Nd4 Nge7 13. Nd2 Nxe5 14. Nxf5 Nxf5 15. Bf4 Ng6 16. Qc2 Qe6 17. O-O-O Nxf4 18. exf4 O-O-O 19. g3 Kb8 20. Bg2 Rhe8 21. Qa4 Qb6 22. Rhe1 Rxe1 23. Rxe1 Nd6 24. Re2 Qc5 25. Qb4 Qxb4 26. cxb4 b5 27. Bxd5 Bd4 28. Bc6 Kc7 29. Bg2 Rd7 30. Ne4 Nf5 31. Nc3 a6 32. Nd5+ Kd6 33. Nc3 Re7 34. Rxe7 Kxe7 35. Nd1 Nd6 36. Bd5 f5 37. Kc2 Kf6 38. b3 cxb3+ 39. axb3 Bb6 40. Kd3 Ke7 41. Ne3 Kf6 42. Bc6 Ke6 43. Bd5+ Kd7 44. Bg8 Ke7 45. Nd5+ Kf8 46. Nxb6 Kxg8 47. Nd5 Kf7 48. Ne3 Ke6 49. Ke2 Ne4 50. Nc2 Kd5 51. Ne3+ Ke6 52. Ke1 Nc3 53. Nc2 Nd5 54. Nd4+ Kf6 55. Nc2 Nc7 56. Kd2 Ne6 57. Kd3 Ke7 58. Nd4 Ng7 59. Nc2 Kd6 60. Ne3 Ke6 61. Nd1 Ne8 62. Nc3 Nf6 63. Kd4 Kd6 64. Ke3 Ne8 65. Kd3 Nf6 66. Kd4 Nd7 67. Nd5 Nf8 68. Ne3 Ne6+ 69. Kd3 Ng7 70. Kc3 Ke6 71. Kd4 Kd6 72. Nd1 Ke6 73. Nc3 Kd6 74. Kd3 Ne6 75. Ke3 Nc7 76. f3 Ne6 77. fxg4 fxg4 78. Kd3 Ng7 79. Ke4 Ke6 80. Ne2 Kf6 81. Nd4 Ne8 82. Kd5 Nc7+ 83. Kd6 Ne8+ 84. Kd7 Ng7 85. Kc6 Ne8 86. Kb6 Nd6 87. Kxa6 Ne4 88. Ne2 Nd2 89. Kxb5 Kf5 90. Kc6 Ke4 91. b5 Ke3 92. b6 Nxb3 93. Nc3 Na5+ 94. Kc7 Kf3 95. Ne2 Kxe2 96. f5 Kf3 97. f6 Kxg3 98. f7 Kh2 99. f8=Q g3 100. Qf4 Kh3 101. Qg5 g2 102. Qe3+ Kh2 103. Qf4+ Kh1 104. Qf3 Kh2 105. Qe2 Kh1 106. Qe4 Kh2 107. Qc2 Kh1 108. Qe4 Kh2 109. Qe2 Kh1 110. Qf3 Kh2 111. Qf2 Kh1 112. Qf3 1/2-1/2


[Site "https://www.chess.com"]

[Event "Titled Tuesday Blitz January 17 Late 2023"]
[White "Fernandez Garcia, Gumersindo"]
[Black "Timmermans, Mark"]
[WhiteFideId "24516740"]
[BlackFideId "1026399"]
[WhiteElo "2160"]
[BlackElo "2392"]
[Result "0-1"]
[Round "09"]
[TimeControl "180+2"]
[Date "2023.01.17"]
[WhiteClock "0:00:17"]
[BlackClock "0:00:50"]

1. d4 Nf6 2. c4 e6 3. Nf3 d5 4. g3 Be7 5. Bg2 O-O 6. Qc2 dxc4 7. Nbd2 b5 8. a4 c6 9. axb5 cxb5 10. Ng5 h6 11. h4 g6 12. Bxa8 hxg5 13. hxg5 Nd5 14. Bxd5 Qxd5 15. Nf3 Nc6 16. Be3 a5 17. Rh4 Rd8 18. Kf1 Bf8 19. Qe4 Qxe4 20. Rxe4 Bg7 21. Ne5 Bb7 22. Nxc6 Bxc6 23. Rh4 a4 24. Rc1 Bd5 25. Bd2 Bc6 26. Bc3 Rd5 27. Rg4 Rd8 28. e3 Bf8 29. Bd2 b4 30. Ke1 Bb5 31. Re4 a3 32. bxa3 c3 33. Bxc3 bxc3 34. Rxc3 Ra8 35. Re5 Bd7 36. d5 Bg7 37. f4 Bxe5 38. fxe5 exd5 39. Kd2 Kf8 40. Kd3 Ra4 41. Kc2 Ke7 42. Kb3 Re4 43. Rd3 Rxe5 44. a4 Rxg5 45. a5 Rxg3 46. Kb4 Kd6 47. a6 Rg4+ 48. Ka5 Kc5 49. Rc3+ Rc4 50. Ra3 Ra4+ 51. Rxa4 Bxa4 52. Kxa4 Kb6 53. Kb4 g5 54. a7 Kxa7 55. Kc5 g4 56. Kxd5 g3 0-1


[Site "https://www.chess.com"]

[Event "Titled Tuesday Blitz January 17 Late 2023"]
[White "Karttunen, Mika"]
[Black "Domingo Nunez, Ruben"]
[WhiteFideId "502081"]
[BlackFideId "22245570"]
[WhiteElo "2490"]
[BlackElo "2416"]
[Result "0-1"]
[Round "09"]
[TimeControl "180+2"]
[Date "2023.01.17"]
[WhiteClock "0:00:06"]
[BlackClock "0:00:03"]

1. e4 g6 2. d4 Bg7 3. c4 d6 4. Nc3 Nd7 5. Be3 e5 6. d5 a5 7. Bd3 Nc5 8. Bc2 b6 9. Qd2 h5 10. Nf3 Bg4 11. Ng5 f6 12. h3 Bd7 13. Nf3 Bh6 14. O-O-O Qe7 15. Kb1 Bxe3 16. Qxe3 Nh6 17. Nd2 Nf7 18. Rdf1 f5 19. f4 exf4 20. Qxf4 g5 21. Qf2 f4 22. h4 O-O-O 23. hxg5 Nxg5 24. Qxf4 Rdg8 25. Qf6 Qe8 26. Qd4 Nf7 27. Rf2 Ne5 28. Nf3 Ng4 29. Re2 Ne5 30. Nxe5 dxe5 31. Qd2 Rh7 32. d6 c6 33. Rf2 Rhg7 34. Nd1 Ne6 35. Ne3 Nd4 36. Bd1 Kb7 37. Bxh5 Qd8 38. Bd1 Be6 39. c5 bxc5 40. Rh5 Qxd6 41. b3 Ra8 42. Rh6 a4 43. Nc4 Qe7 44. Nxe5 axb3 45. axb3 Bxb3 46. Nxc6 Qxe4+ 47. Bc2 Bxc2+ 48. Kb2 Nxc6 49. Rxc6 Qxc6 50. Qxc2 Qb6+ 51. Kc1 Ra1+ 52. Kd2 Rd7+ 53. Ke3 Re1+ 54. Kf3 Rf7+ 55. Kg3 Qd6+ 56. Kg4 Qe6+ 57. Kg3 Rg7+ 58. Kf4 Qe5+ 59. Kf3 Qe3# 0-1


[Site "https://www.chess.com"]

[Event "Titled Tuesday Blitz January 17 Late 2023"]
[White "Skvortsov, Andrei"]
[Black "Odegov, Artem"]
[WhiteFideId "24108600"]
[BlackFideId "34183644"]
[WhiteElo "2313"]
[BlackElo "2261"]
[Result "0-1"]
[Round "09"]
[TimeControl "180+2"]
[Date "2023.01.17"]
[WhiteClock "0:00:04"]
[BlackClock "0:00:38"]

1. c4 e5 2. Nc3 Bb4 3. Nd5 Na6 4. e4 Nf6 5. Nxb4 Nxb4 6. d3 c5 7. Bg5 h6 8. Bxf6 Qxf6 9. Ne2 d6 10. Nc3 O-O 11. a3 Nc6 12. Nd5 Qd8 13. Be2 Be6 14. Ne3 Nd4 15. Bg4 Qg5 16. O-O g6 17. Bf3 f5 18. exf5 gxf5 19. Bxb7 Rab8 20. Bd5 f4 21. Bxe6+ Nxe6 22. Nd5 f3 23. g3 Qg4 24. Kh1 Qh3 25. Rg1 Rxb2 26. Qf1 Ng5 27. Rb1 Rfb8 28. Rxb2 Rxb2 29. Ne3 Qxf1 30. Rxf1 Nh3 31. Ng4 Kg7 32. Ne3 Nxf2+ 33. Kg1 Nh3+ 34. Kh1 Nf2+ 35. Kg1 Nxd3 36. Nf5+ Kg6 37. Nxd6 Rg2+ 38. Kh1 Nf2+ 39. Rxf2 Rxf2 40. Kg1 Ra2 0-1


[Site "https://www.chess.com"]

[Event "Titled Tuesday Blitz January 17 Late 2023"]
[White "Al-Tarboush, Ward"]
[Black "Averjanov, Alexey"]
[WhiteFideId "7601450"]
[BlackFideId "14109867"]
[WhiteElo "2256"]
[BlackElo "2399"]
[Result "0-1"]
[Round "09"]
[TimeControl "180+2"]
[Date "2023.01.17"]
[WhiteClock "0:00:52"]
[BlackClock "0:00:42"]

1. e4 c6 2. Nf3 d5 3. Nc3 Bg4 4. h3 Bxf3 5. Qxf3 e6 6. Be2 dxe4 7. Nxe4 Nd7 8. O-O Ngf6 9. Nc3 g6 10. d4 Bg7 11. Be3 O-O 12. Rad1 Nd5 13. Ne4 Qb6 14. b3 Nxe3 15. fxe3 c5 16. d5 Ne5 17. Nf6+ Kh8 18. Qe4 Bxf6 19. Rxf6 Nd7 20. Rf4 Rae8 21. d6 Kg7 22. Rh4 e5 23. Qg4 Nf6 24. Qg5 Ng8 25. Bc4 f6 26. Qg3 Rd8 27. e4 Rxd6 28. Bd5 Ne7 29. Qe3 h5 30. g4 c4 31. Qxb6 axb6 32. gxh5 cxb3 33. axb3 f5 34. hxg6 Nxg6 35. Rh5 fxe4 36. c4 Nf4 37. Rxe5 Rg6+ 38. Kh2 Rh8 39. Re7+ Kf6 40. Rf7+ Ke5 41. Be6 Rxe6 0-1


[Site "https://www.chess.com"]

[Event "Titled Tuesday Blitz January 17 Late 2023"]
[White "Martinez Reyes, Pedro Ramon"]
[Black "Di Berardino, Diego Rafael"]
[WhiteFideId "3901807"]
[BlackFideId "2105446"]
[WhiteElo "2376"]
[BlackElo "2479"]
[Result "1-0"]
[Round "09"]
[TimeControl "180+2"]
[Date "2023.01.17"]
[WhiteClock "0:00:15"]
[BlackClock "0:00:03"]

1. e4 c5 2. Nf3 b6 3. d4 cxd4 4. Nxd4 Bb7 5. Nc3 Nf6 6. e5 Nd5 7. Nxd5 Bxd5 8. Bf4 e6 9. Bd3 Nc6 10. Nxc6 Bxc6 11. O-O g5 12. Bd2 Qc7 13. Bc3 h5 14. Re1 Bc5 15. Be4 g4 16. Qe2 O-O-O 17. Rad1 h4 18. Bxc6 g3 19. Bd4 Qxc6 20. Bxc5 Qxc5 21. Qe3 gxf2+ 22. Qxf2 Qxf2+ 23. Kxf2 Rdg8 24. Rd4 Rg5 25. Re3 Rhg8 26. g3 hxg3+ 27. hxg3 Rh8 28. Rc3+ Kd8 29. Rcd3 d5 30. exd6 Rh2+ 31. Kf3 Rxc2 32. d7 Rxb2 33. Rf4 Rf5 34. Rxf5 exf5 35. a3 Rb5 36. Kf4 Rc5 37. Kg5 b5 38. Kf6 a5 39. Kxf7 b4 40. axb4 axb4 41. Kf6 Rb5 42. Ke6 b3 43. Rd1 b2 44. Rb1 Rb6+ 45. Kxf5 Kxd7 46. g4 Kd6 47. g5 Kd5 48. g6 Kc4 49. g7 Rb8 50. Rxb2 Rg8 51. Rg2 Kd5 52. Kf6 Ke4 53. Kf7 Rb8 54. g8=Q 1-0


[Site "https://www.chess.com"]

[Event "Titled Tuesday Blitz January 17 Late 2023"]
[White "Flores Quillas, Diego Saul Rodri"]
[Black "Reprintsev, Alexander"]
[WhiteFideId "3822508"]
[BlackFideId "14100541"]
[WhiteElo "2359"]
[BlackElo "2253"]
[Result "0-1"]
[Round "09"]
[TimeControl "180+2"]
[Date "2023.01.17"]
[WhiteClock "0:00:11"]
[BlackClock "0:00:20"]

1. e4 d5 2. exd5 Qxd5 3. Nc3 Qa5 4. Bc4 Nf6 5. d3 Bg4 6. f3 Be6 7. Bxe6 fxe6 8. Qe2 Nc6 9. Be3 Nd5 10. Qd2 O-O-O 11. Nge2 g6 12. O-O Bg7 13. a3 Nxe3 14. Qxe3 Nd4 15. Rac1 Qb6 16. Kh1 Nxe2 17. Qxe2 Qxb2 18. Qxe6+ Kb8 19. Ne4 Qe5 20. Qb3 Qb2 21. Rb1 Qxb3 22. Rxb3 b6 23. Re1 Bf6 24. g3 Rd5 25. Kg2 Rhd8 26. Re2 Kb7 27. h4 h5 28. Rb4 Ra5 29. Nxf6 exf6 30. Re6 Rd6 31. Rxd6 cxd6 32. a4 Rc5 33. c4 d5 34. Kf2 a5 35. Rb5 Rxb5 36. cxb5 d4 37. g4 Kc7 38. Kg3 Kd6 39. Kf4 Kc5 40. gxh5 gxh5 41. Kf5 Kb4 42. Kxf6 Kc3 43. Kg5 Kxd3 44. f4 Kc2 45. f5 d3 46. f6 d2 47. f7 d1=Q 48. f8=Q Qd5+ 49. Qf5+ Qxf5+ 50. Kxf5 Kb3 51. Kg5 Kxa4 52. Kxh5 Kxb5 53. Kg4 a4 54. h5 a3 55. h6 a2 56. h7 a1=Q 0-1


[Site "https://www.chess.com"]

[Event "Titled Tuesday Blitz January 17 Late 2023"]
[White "Pasti, Aron"]
[Black "Chor, Kevin"]
[WhiteFideId "785857"]
[BlackFideId "2090740"]
[WhiteElo "2361"]
[BlackElo "1944"]
[Result "1-0"]
[Round "09"]
[TimeControl "180+2"]
[Date "2023.01.17"]
[WhiteClock "0:00:10"]
[BlackClock "0:00:12"]

1. e4 c5 2. Nf3 g6 3. c4 Bg7 4. d4 cxd4 5. Nxd4 Nc6 6. Be3 Nf6 7. Nc3 O-O 8. Be2 d6 9. O-O Bd7 10. Rc1 Nxd4 11. Bxd4 Bc6 12. Qd3 a5 13. b3 Nd7 14. Bxg7 Kxg7 15. Qd2 Nc5 16. f4 f5 17. exf5 Rxf5 18. Bg4 Rf6 19. f5 Qb6 20. Qe3 Na4 21. Qxb6 Nxb6 22. Rce1 Re8 23. Ne4 Bxe4 24. Rxe4 gxf5 25. Bxf5 e6 26. g4 h6 27. Rd1 e5 28. h4 h5 29. Kh2 hxg4 30. Rxg4+ Kf7 31. Rg5 Rh8 32. Kg3 Rg8 33. Be4 Rf4 34. Rxd6 Nc8 35. Bd5+ Ke7 36. Re6+ Kd7 37. Rxg8 Ne7 38. Rg7 Rd4 39. Rgxe7+ Kd8 40. Rh7 Rf4 41. Rg6 Rf8 42. Rg8 Rxg8+ 43. Bxg8 Kc8 44. Bd5 Kb8 45. Kf3 Ka7 46. Ke4 Ka6 47. Rxb7 a4 48. Rb8 a3 49. Ra8+ Kb6 50. Rxa3 Kc5 51. Ra4 Kb6 52. h5 Kc5 53. h6 Kb6 54. h7 Kc5 55. h8=Q Kb6 56. Qb8+ Kc5 57. Qc7# 1-0


[Site "https://www.chess.com"]

[Event "Titled Tuesday Blitz January 17 Late 2023"]
[White "Sielecki, Christof"]
[Black "Papayan, Oleg"]
[WhiteFideId "4620437"]
[BlackFideId "4193911"]
[WhiteElo "2419"]
[BlackElo "2253"]
[Result "0-1"]
[Round "09"]
[TimeControl "180+2"]
[Date "2023.01.17"]
[WhiteClock "0:00:04"]
[BlackClock "0:00:03"]

1. e4 d5 2. exd5 Qxd5 3. Nc3 Qd8 4. d4 c6 5. Nf3 Bf5 6. Ne5 e6 7. g4 Bg6 8. h4 Bb4 9. h5 Be4 10. Rh3 Nd7 11. Bf4 Ngf6 12. a3 Bxc3+ 13. bxc3 h6 14. Nc4 O-O 15. g5 Nd5 16. Bd2 hxg5 17. h6 g6 18. Nd6 Bf5 19. Nxf5 exf5 20. h7+ Kg7 21. c4 Nf4 22. Re3 Rh8 23. Bc3 Nf6 24. Qd2 Ne4 25. Rxe4 fxe4 26. d5+ f6 27. O-O-O Rxh7 28. Qd4 Kf7 29. Qxe4 Rh8 30. dxc6 Qe7 31. Qf3 bxc6 32. Bb4 c5 33. Bc3 Rhd8 34. Re1 Qd7 35. Qh1 Rh8 36. Qf3 Rae8 37. Rd1 Qc7 38. Bg2 Re7 39. Qg3 Nxg2 40. Qxg2 Qf4+ 41. Kb2 Rb8+ 42. Ka2 Qf5 43. Rd3 Qe6 44. Qd5 Qxd5 45. cxd5 c4 46. Rd4 Re2 47. Bb2 Rxc2 0-1


[Site "https://www.chess.com"]

[Event "Titled Tuesday Blitz January 17 Late 2023"]
[White "Medeiros,Thauane Ferreira"]
[Black "Hirneise, Jens"]
[WhiteFideId "2134470"]
[BlackFideId "24614734"]
[WhiteElo "1854"]
[BlackElo "2277"]
[Result "1/2-1/2"]
[Round "09"]
[TimeControl "180+2"]
[Date "2023.01.17"]
[WhiteClock "0:00:28"]
[BlackClock "0:00:08"]

1. d4 Nf6 2. Bg5 c5 3. Bxf6 exf6 4. c3 Qb6 5. Qb3 cxd4 6. Qxb6 axb6 7. cxd4 Nc6 8. e3 Nb4 9. Kd2 Rxa2 10. Rxa2 Nxa2 11. Bc4 Nb4 12. Nc3 Nc6 13. Nf3 Bb4 14. Ra1 O-O 15. Ra4 d6 16. d5 Bxc3+ 17. bxc3 Na5 18. Bb5 Bf5 19. Rb4 Rc8 20. Bd3 Bxd3 21. Kxd3 Rc5 22. Rxb6 Rxd5+ 23. Nd4 f5 24. c4 Rc5 25. Rxd6 g6 26. Rd5 b6 27. Rxc5 bxc5 28. Nb5 Kf8 29. Nc3 Ke7 30. f4 Kd6 31. Nd5 h5 32. g3 Nc6 33. Nc3 Nb4+ 34. Ke2 Nc6 35. Kd3 Nb4+ 36. Ke2 Nc6 37. Nb5+ Ke6 38. Kd3 Nb4+ 39. Kc3 Nc6 40. Nc7+ Kd6 41. Ne8+ Kd7 42. Nf6+ Ke6 43. Nd5 Kd6 44. Kd3 Na5 45. Kc3 Nc6 46. Nb6 Na5 47. Kd3 Nc6 48. Nd5 Na5 49. Kc3 Nc6 1/2-1/2


[Site "https://www.chess.com"]

[Event "Titled Tuesday Blitz January 17 Late 2023"]
[White "Makridis, Dimitrios"]
[Black "Janaszak, Dawid"]
[WhiteFideId "25864475"]
[BlackFideId "1119206"]
[WhiteElo "2356"]
[BlackElo "2316"]
[Result "0-1"]
[Round "09"]
[TimeControl "180+2"]
[Date "2023.01.17"]
[WhiteClock "0:00:14"]
[BlackClock "0:00:15"]

1. g4 e5 2. Bg2 h5 3. gxh5 Qh4 4. e3 Nf6 5. b3 d5 6. Bb2 Nc6 7. Nc3 Bg4 8. Bf3 d4 9. Nb5 O-O-O 10. Bxg4+ Nxg4 11. Qf3 dxe3 12. dxe3 a6 13. Nc3 Bc5 14. Ne4 Bxe3 15. Qg3 Qxg3 16. hxg3 Bd4 17. Bxd4 Nxd4 18. O-O-O f5 19. Rh4 Ne6 20. Rxd8+ Rxd8 21. f3 Ne3 22. Nd2 Nd4 23. c3 Nb5 24. Ne2 Rd3 25. h6 gxh6 26. Rxh6 Nxc3 27. Rh8+ Kd7 28. Rh7+ Kc6 29. Nxc3 Rxc3+ 30. Kb1 b5 31. Rh5 Rd3 32. Kc1 a5 33. f4 e4 34. g4 fxg4 35. Nxe4 a4 36. Rc5+ Kb6 37. bxa4 bxa4 38. Rg5 Rd4 39. Nc3 a3 40. f5 Rd3 41. Rg6+ c6 42. f6 Rxc3+ 43. Kd2 Nd5 44. Rxg4 Rf3 45. Ra4 Rf2+ 46. Ke1 Rxf6 47. Rxa3 Kc5 48. Ra5+ Kd4 49. Kd2 c5 50. a4 Rh6 51. Ra8 Rh2+ 52. Ke1 c4 53. a5 c3 54. a6 Rh1+ 55. Ke2 c2 56. Rc8 c1=Q 57. Rxc1 Rxc1 58. a7 Ra1 59. a8=Q Rxa8 60. Kf3 Ra3+ 61. Kg4 Nb6 62. Kg5 Na8 63. Kf6 Re3 64. Kf7 Re5 65. Kf8 Kd5 66. Kg7 Re6 67. Kg8 Ke5 68. Kf8 Kf6 69. Kg8 Re7 70. Kf8 Nb6 71. Kg8 Rc7 72. Kh8 Kg6 0-1


[Site "https://www.chess.com"]

[Event "Titled Tuesday Blitz January 17 Late 2023"]
[White "Ibadov, Dashgyn"]
[Black "Vakhlamov, Igor L."]
[WhiteFideId "24107514"]
[BlackFideId "24126748"]
[WhiteElo "2391"]
[BlackElo "2413"]
[Result "0-1"]
[Round "09"]
[TimeControl "180+2"]
[Date "2023.01.17"]
[WhiteClock "0:00:01"]
[BlackClock "0:00:02"]

1. e4 c5 2. Nf3 e6 3. d4 cxd4 4. Nxd4 Nf6 5. Nc3 Nc6 6. Ndb5 Bc5 7. Bf4 O-O 8. Bc7 Qe7 9. Bd6 Bxd6 10. Qxd6 Ne8 11. Qxe7 Nxe7 12. O-O-O f5 13. exf5 Nxf5 14. Bd3 a6 15. Na3 d5 16. Ne2 Bd7 17. c3 Rc8 18. Nc2 Nh4 19. g3 Nf3 20. h4 Nf6 21. Nf4 e5 22. Be2 exf4 23. Bxf3 Bg4 24. Bxg4 Nxg4 25. Rhf1 Rce8 26. Nd4 Rf6 27. Kd2 fxg3 28. fxg3 Nf2 29. Rde1 Ne4+ 30. Kd3 Rxf1 31. Rxf1 Nxg3 32. Rf3 Ne4 33. Rf5 Nf6 34. Nf3 Re4 35. Rxd5 Ra4 36. Rd8+ Kf7 37. a3 b5 38. Nd4 Kg6 39. Rb8 Kh5 40. Rb7 Kxh4 41. Rxg7 h5 42. Kc2 Rc4 43. Rg6 Ng4 44. Rxa6 Kg3 45. Nxb5 h4 46. Nd6 Rf4 47. Ra5 h3 48. Rh5 h2 49. b4 Nf2 50. b5 Nh3 0-1


[Site "https://www.chess.com"]

[Event "Titled Tuesday Blitz January 17 Late 2023"]
[White "Cardoso Cardoso, Jose Gabriel"]
[Black "Mendez Fortes, Eduardo Jesus"]
[WhiteFideId "4430492"]
[BlackFideId "3502376"]
[WhiteElo "2492"]
[BlackElo "2250"]
[Result "1/2-1/2"]
[Round "09"]
[TimeControl "180+2"]
[Date "2023.01.17"]
[WhiteClock "0:00:09"]
[BlackClock "0:00:35"]

1. Nf3 d5 2. e3 Nf6 3. c4 e6 4. b3 c5 5. Bb2 Nc6 6. cxd5 exd5 7. d4 cxd4 8. Nxd4 Bb4+ 9. Bc3 Qa5 10. Qd2 Nxd4 11. Qxd4 Bxc3+ 12. Qxc3 Qb6 13. Nd2 O-O 14. Bd3 Rd8 15. Qd4 Qxd4 16. exd4 Re8+ 17. Kf1 Bd7 18. Rc1 Re7 19. f3 Rae8 20. Kf2 Re3 21. Be4 Nxe4+ 22. Kxe3 Ng3+ 23. Kf2 Nxh1+ 24. Rxh1 Bb5 25. Re1 Rc8 26. a4 Rc2 27. axb5 Rxd2+ 28. Kg3 Kf8 29. Rc1 Rxd4 30. Rc8+ Ke7 31. Rc7+ Kf6 32. Rxb7 Rb4 33. Rxa7 Rxb5 34. Ra6+ Kf5 35. Ra7 Ke6 36. Ra6+ Kf5 37. Ra3 h5 38. Kf2 h4 39. Ke3 Ke5 40. Kd3 g5 41. g3 f5 42. Kc3 Rc5+ 43. Kd3 Rc1 44. b4 Rh1 45. Ra2 Rd1+ 46. Kc3 d4+ 47. Kc4 Rc1+ 48. Kd3 Rc3+ 49. Ke2 Rb3 50. Ra5+ Kf6 51. Ra6+ Kg7 52. Rb6 Rb2+ 53. Kd3 h3 54. Kxd4 Rxh2 55. Ra6 Re2 56. Ra1 g4 57. fxg4 fxg4 58. b5 Rg2 59. Rb1 h2 60. Rh1 Kf6 61. b6 Rb2 62. b7 Rxb7 63. Rxh2 Rb4+ 64. Ke3 Kg5 65. Rd2 Rb3+ 66. Rd3 Rb5 67. Ke4 Rb4+ 68. Rd4 Rb3 69. Rd5+ Kf6 70. Rd6+ Kg5 71. Rd5+ Kf6 72. Rd3 Rb4+ 73. Rd4 Rb3 74. Kf4 Rb6 75. Kxg4 Kg6 76. Rf4 Kg7 77. Kh5 Rb5+ 78. Kh4 Rb6 79. g4 Rb5 80. Ra4 Rb7 81. Ra6 Rb5 82. Rc6 Ra5 83. Rb6 Rc5 84. Re6 Ra5 85. Re7+ Kg6 86. Rb7 Rc5 87. Rb6+ Kg7 88. Rb4 Ra5 89. Kg3 Rc5 90. Kf4 Ra5 91. Re4 Kg6 92. Re6+ Kg7 93. Rb6 Ra4+ 94. Kg3 Ra3+ 95. Kh4 Ra5 96. Rd6 Rb5 97. g5 Rb1 98. Rd7+ Kg6 99. Rd6+ Kg7 100. Kg4 Rg1+ 101. Kf4 Rf1+ 102. Ke5 Re1+ 103. Kf4 Rf1+ 104. Kg4 Rg1+ 105. Kf4 Rf1+ 1/2-1/2


[Site "https://www.chess.com"]

[Event "Titled Tuesday Blitz January 17 Late 2023"]
[White "Djordjevic, Vuk"]
[Black "Golubev, Mikhail"]
[WhiteFideId "902098"]
[BlackFideId "14100983"]
[WhiteElo "2375"]
[BlackElo "2461"]
[Result "1-0"]
[Round "09"]
[TimeControl "180+2"]
[Date "2023.01.17"]
[WhiteClock "0:00:07"]
[BlackClock "0:00:08"]

1. d4 Nf6 2. Bg5 Ne4 3. Bf4 c5 4. f3 Qa5+ 5. c3 Nf6 6. d5 Qb6 7. Bc1 e6 8. e4 exd5 9. exd5 c4 10. Bxc4 Bc5 11. Ne2 O-O 12. b4 Bf2+ 13. Kf1 d6 14. Nd2 Nbd7 15. Bb3 Ne5 16. Nc4 Nxc4 17. Bxc4 Bd7 18. Bg5 Rfe8 19. Bxf6 gxf6 20. Nd4 Bxd4 21. Qxd4 Qxd4 22. cxd4 Rac8 23. Bb3 Bb5+ 24. Kf2 Re2+ 25. Kg3 Kh8 26. Rhg1 Rg8+ 27. Kf4 Rgxg2 28. Rxg2 Rxg2 29. Rc1 Rxh2 30. Rc7 Rh4+ 31. Ke3 Kg7 32. Rxb7 a6 33. a4 Bf1 34. b5 axb5 35. axb5 f5 36. b6 f4+ 37. Kd2 Rh2+ 38. Kc3 Rf2 39. Rxf7+ Kxf7 40. b7 Rxf3+ 41. Kb4 1-0


[Site "https://www.chess.com"]